 Dungeon Crawl Stone Soup version 0.27.0-1-g7a089689b8 (webtiles) character file.

Game seed: 4924447797544774373

646 hawla the Chopper (level 7, -7/58 HPs)
             Began as a Minotaur Gladiator on Aug 8, 2021.
             Was an Initiate of Ashenzari.
             Mangled by a two-headed ogre (11 damage)
             ... on level 5 of the Dungeon.
             The game lasted 00:08:46 (3689 turns).

hawla the Chopper (Minotaur Gladiator)              Turns: 3689, Time: 00:08:48

Health: -7/58      AC:  7    Str: 18    XL:     7   Next: 27%
Magic:  8/8        EV: 13    Int:  7    God:    Ashenzari [......]
Gold:   116        SH:  0    Dex: 12    Spells: 7/8 levels left

rFire    . . .     SeeInvis .   a - +0 war axe (elec)
rCold    . . .     Faith    .   (no shield)
rNeg     . . .     Spirit   .   b - +1 leather armour
rPois    .         Reflect  .   c - +0 hat
rElec    .         Harm     .   (no cloak)
rCorr    .         Rampage  .   (no gloves)
Will     .....                  f - +2 pair of boots
Stlth    +.........             k - amulet of regeneration
HPRegen  1.19/turn              (no ring)
MPRegen  0.11/turn              (no ring)

@: no status effects
A: horns 2, retaliatory headbutt
a: Renounce Religion


You were on level 5 of the Dungeon.
You worshipped Ashenzari.
Ashenzari was noncommittal.
You visited 2 branches of the dungeon, and saw 6 of its levels.

You collected 116 gold pieces.

Inventory:

Hand Weapons
 a - a +0 war axe of electrocution (weapon)
Missiles
 d - 2 throwing nets
 h - 9 poisoned darts (quivered)
 i - 10 boomerangs
Armour
 b - a +1 leather armour (worn)
 c - a +0 hat (worn)
 f - a +2 pair of boots (worn)
Jewellery
 k - an amulet of regeneration (around neck)
Scrolls
 j - 2 scrolls of blinking
Potions
 e - a potion of degeneration
 g - 2 potions of haste
 l - 2 potions of curing
 m - a potion of might


   Skills:
 + Level 3.7 Fighting
 + Level 7.3 Axes
 + Level 3.0 Throwing
 - Level 1.0 Armour
 + Level 4.2 Dodging
 + Level 1.4 Spellcasting
 + Level 1.6 Necromancy
 + Level 1.0 Evocations


You had 7 spell levels left.
You knew the following spells:

 Your Spells              Type           Power      Damage    Failure   Level
a - Pain                  Necr           8%         1d4       24%         1

Your spell library contained the following spells:

 Spells                   Type           Power      Damage    Failure   Level
 Animate Skeleton         Necr           4%         N/A       24%         1
 Static Discharge         Conj/Air       0%         N/A       58%         2
 Vampiric Draining        Necr           1%         2d6       58%         3
 Lightning Bolt           Conj/Air       0%         1d11      100%        5
 Maxwell's Capacitive Co  Air            0%         ∞         100%        8


Dungeon Overview and Level Annotations

Branches:
Dungeon (5/15)             Temple (1/1) D:5

Altars:
Ashenzari
Cheibriados
Dithmenos
Elyvilon
Gozag
Kikubaaqudgha
Nemelex Xobeh
Okawaru
Qazlal
Ru
Trog
Uskayaw
Vehumet
Wu Jian
Xom
Yredelemnul
The Shining One


Innate Abilities, Weirdness & Mutations

You have a pair of horns on your head.
You reflexively headbutt those who attack you in melee.


Message History

You kill the hound!
You feel your intelligence returning.
Your Axes skill increases to level 7!
You slash the black bear!
You headbutt the black bear, but do no damage.
The black bear is moderately wounded.
The black bear closely misses you. The black bear barely misses you. x2
You slash the black bear!
The black bear is severely wounded.
The black bear closely misses you. The black bear barely misses you.
The black bear claws you but does no damage.
You closely miss the black bear. You headbutt the black bear.
The black bear is almost dead.
The black bear goes berserk!
You hit the black bear.
Lightning courses through the black bear!
You kill the black bear!
You see here a hound corpse.
Magic restored.
A two-headed ogre comes into view.
It is wielding two +0 giant spiked clubs.
The two-headed ogre shouts in stereo!
You hit the two-headed ogre.
Your headbutt misses the two-headed ogre.
The two-headed ogre is lightly wounded.
The two-headed ogre hits you with a +0 giant spiked club!
The two-headed ogre barely misses you.
You hit the two-headed ogre.
Lightning courses through the two-headed ogre!
You headbutt the two-headed ogre.
The two-headed ogre is heavily wounded.
The two-headed ogre hits you with a +0 giant spiked club! x2
You are too injured to fight recklessly!
You slash the two-headed ogre!
Lightning courses through the two-headed ogre!
You headbutt the two-headed ogre.
The two-headed ogre is severely wounded.
The two-headed ogre hits you with a +0 giant spiked club!!
* * * LOW HITPOINT WARNING * * *
The two-headed ogre hits you with a +0 giant spiked club!
You die...

###.... #.##.
...... #####
.#..### ...#
...### # ..#
#..... #.
####.######.#.#...
#..#....#......
#.##
#..O@##........
#..#
#..####.#.#####
#... #.......#.##
###..#
########...#
#..... #...#
#.#... #...#
#..... #...#
#..... #...#
#..!.. #...#
#.....


You could see a two-headed ogre.

Vanquished Creatures
  A black bear (D:5)
  A phantom (D:4)
  A scorpion (D:5)
  3 hounds
  3 orc wizards
  Natasha (thrice) (D:3)
  A hound skeleton (D:4)
  4 adders
  3 adder skeletons (D:4)
  An adder zombie (D:5)
  6 worms
  A dart slug (D:1)
  12 orcs
  7 endoplasms
  2 giant cockroaches (D:1)
  5 goblins
  10 hobgoblins
  5 jackals (D:1)
  4 quokkas
  8 ball pythons
  3 bats
  4 frilled lizards
  6 kobolds
  7 rats
101 creatures vanquished.

Notes
Turn   | Place    | Note
-------+----------+-------------------------------------------
     0 | D:1      | hawla the Minotaur Gladiator began the quest for the Orb.
     0 | D:1      | Reached XP level 1. HP: 18/18 MP: 0/0
    78 | D:1      | Reached XP level 2. HP: 25/25 MP: 1/1
   489 | D:1      | Reached skill level 1 in Armour
   636 | D:1      | Reached XP level 3. HP: 30/30 MP: 2/2
   666 | D:1      | Reached skill level 4 in Axes
   829 | D:1      | Noticed a great orb of eyes
   831 | D:1      | Found a faded altar of an unknown god.
   832 | D:1      | Noticed an eye of devastation
   832 | D:1      | Noticed a great orb of eyes
   832 | D:1      | Noticed a floating eye
  1144 | D:2      | Found an ornate altar of the Wu Jian Council.
  1390 | D:2      | Reached skill level 1 in Evocations
  1515 | D:2      | Learned a level 1 spell: Pain
  1929 | D:3      | Reached XP level 4. HP: 25/38 MP: 3/3
  2012 | D:3      | Noticed Natasha
  2029 | D:3      | Killed Natasha
  2241 | D:3      | Noticed Natasha
  2246 | D:3      | Killed Natasha
  2247 | D:3      | Reached XP level 5. HP: 45/45 MP: 3/5
  2323 | D:3      | Noticed Natasha
  2336 | D:3      | HP: 2/67 [orc (3)]
  2339 | D:3      | Killed Natasha
  2340 | D:3      | Reached skill level 1 in Spellcasting
  2340 | D:3      | Reached skill level 1 in Necromancy
  2653 | D:3      | Reached skill level 5 in Axes
  2752 | D:4      | Reached XP level 6. HP: 27/51 MP: 6/6
  2962 | D:4      | Reached skill level 6 in Axes
  3318 | D:4      | Found a stormy altar of Qazlal.
  3408 | D:5      | Entered Level 5 of the Dungeon
  3478 | D:5      | Reached XP level 7. HP: 49/58 MP: 7/7
  3490 | D:5      | Found a staircase to the Ecumenical Temple.
  3501 | Temple   | Entered the Ecumenical Temple
  3642 | Temple   | Became a worshipper of Ashenzari the Shackled
  3668 | D:5      | Reached skill level 7 in Axes
  3686 | D:5      | Noticed a two-headed ogre
  3689 | D:5      | Mangled by a two-headed ogre

Illustrated notes

Levels and vault maps discovered:
D:1:      dpeg_arrival_chambers_temple_mockup, layout_basic,
          hellmonk_ecumenical_altar_watching_god, minivault_11
D:2:      layout_rooms, basic_altar
D:3:      layout_rooms, minmay_misc_feat_rows, uniq_natasha
D:4:      layout_cave_pools, nicolae_qazlal_eye_of_the_storm
D:5:      layout_loops_cross, minmay_temple_entry_glass, enter_ossuary_2,
          corner_web_ring
Temple:   nicolae_temple_elliptical

Skill      XL: |  1  2  3  4  5  6  7 |
---------------+----------------------+-----
Armour         | 1 |  1.0
Axes           | 4 5 6 7 |  7.3
Fighting       | 3 |  3.7
Evocations     | 1 |  1.0
Dodging        | 4 |  4.2
Throwing       | 3 |  3.0
Spellcasting   | 1 |  1.4
Necromancy     | 1 |  1.6

Action                   |  1- 3 |  4- 6 |  7- 9 || total
-------------------------+-------+-------+-------++-------
Melee: War axe           |    90 |   106 |     9 ||   205
       Headbutt          |    14 |    13 |     5 ||    32
Throw: Throwing net      |       |     4 |       ||     4
       Dart              |       |     2 |       ||     2
 Cast: Pain              |       |     8 |       ||     8
  Use: Scroll            |     4 |     3 |       ||     7
       Potion            |       |     4 |       ||     4
Armor: Leather armour    |    30 |    48 |     2 ||    80
       Skin              |       |    10 |       ||    10
Dodge: Dodged            |    56 |    82 |     8 ||   146
